 Dungeon Crawl Stone Soup version 0.32-a0-876-gcfddb08 (webtiles) character file.

Game seed: 4342047935486940278

430 poml the Conjurer (level 6, -7/41 HPs)
             Began as a Demonspawn Conjurer on Mar 31, 2024.
             Mangled by a two-headed ogre
             ... wielding a +0 giant club
              (15 damage)
             ... on level 5 of the Dungeon.
             The game lasted 00:03:37 (2254 turns).

poml the Conjurer (Demonspawn Conjurer)             Turns: 2254, Time: 00:03:37

Health: -7/41      AC:  8    Str:  9    XL:     6   Next: 66%
Magic:  3/10       EV:  9    Int: 19    God:
Gold:   108        SH:  0    Dex: 11    Spells: 8/11 levels left

rFire   . . .        c - +2 dagger (drain)
rCold   . . .        (no shield)
rNeg    . . .        j - +0 ring mail
rPois   .            (no helmet)
rElec   .            (no cloak)
rCorr   .            (no gloves)
SInv    .            (no boots)
Will    .....        (no amulet)
Stlth   ++           (no ring)
HPRegen 0.26/turn    (no ring)
MPRegen 0.12/turn

%: no passive effects
@: wreathed by umbra
A: icy blue scales 2, weakness stinger 1, foul shadow 1
a: no special abilities


You were on level 5 of the Dungeon.
You visited 1 branch of the dungeon, and saw 5 of its levels.

You collected 108 gold pieces.

Inventory:

Hand Weapons
 c - a +2 dagger of draining (weapon)
 i - a +0 dagger
Armour
 a - a +0 robe
 j - a +0 ring mail (worn)
Scrolls
 d - a scroll of torment {unknown}
 f - a scroll of enchant weapon {unknown}
 g - a scroll of acquirement {unknown}
 h - a scroll of identify {unknown}
Potions
 b - a potion of magic
 e - 2 potions of might {unknown}


   Skills:
 + Level 0.1 Fighting
 + Level 2.6 Short Blades
 + Level 0.2 Armour
 + Level 2.2 Dodging
 + Level 2.6 Stealth
 + Level 3.3 Spellcasting
 + Level 6.2 Conjurations


You had 8 spell levels left.
You knew the following spells:

 Your Spells              Type           Power      Damage    Failure   Level
a - Magic Dart            Conj           100%       1d8       3%          1
b - Searing Ray           Conj           52%        2d6       4%          2

Your spell library contained the following spells:

 Spells                   Type           Power      Damage    Failure   Level
 Fulminant Prism          Conj/Alch      7%         3d7       75%         4
 Iskenderun's Mystic Bla Conj/Tloc 14%            2d5        (+2d2     75%         4
 Alistair's Intoxication  Alch           2%         N/A       100%        5
 Borgnjor's Vile Clutch   Necr/Erth      1%         N/A       100%        5
 Summon Forest            Summ/Tloc      1%         N/A       100%        5
 Summon Mana Viper        Hex/Summ       3%         N/A       100%        5
 Eringya's Noxious Bog    Alch           1%         4d6       100%        6
 Summon Cactus Giant      Summ           1%         N/A       100%        6


Dungeon Overview and Level Annotations

Branches:
Dungeon (6/15)
 Temple: D:4-7

Altars:
Wu Jian


Innate Abilities, Weirdness & Mutations

You are mostly covered in icy blue scales. (AC +3)
You have a small tail.
You are faintly shadowed, very rarely releasing foul flame when damaged in melee.


Message History

You kill the orc!
The searing ray hits the two-headed ogre!
The two-headed ogre is lightly wounded.
The searing ray hits the two-headed ogre.
The two-headed ogre is moderately wounded.
The searing ray hits the orc wizard.
The orc wizard is lightly wounded.
The searing ray hits the two-headed ogre.
The two-headed ogre is moderately wounded.
The searing ray hits the orc wizard!
The orc wizard is severely wounded.
You finish channelling your searing ray.
The two-headed ogre hits you with a +0 giant club!
The two-headed ogre hits you with a +0 giant spiked club!!
* * * LOW HITPOINT WARNING * * *
You are too injured to fight recklessly!
Unknown command.
Unknown command.
Unknown command.
You aren't carrying any items that you can evoke.
Unknown command.
Okay, then.
Okay, then.
Okay, then.
Casting: Searing Ray (safe; 4% risk of failure)
Confirm with . or Enter, or press ? or * to list all spells.
Aiming: Searing Ray (safe; 4% risk of failure)
Press: ? - help, Shift-Dir - straight line, f - two-headed ogre
Aim: a two-headed ogre, wielding a +0 giant club and a +0 giant spiked club (moderately wounded, umbra, 90% to hit)
The searing ray hits the two-headed ogre.
The two-headed ogre is moderately wounded.
The searing ray hits the orc wizard!
You kill the orc wizard! (Press . to maintain the ray.) Unknown command.
Unknown command.
You hit the two-headed ogre but do no damage.
The two-headed ogre is moderately wounded.
The two-headed ogre hits you with a +0 giant club!
You die...

########. #........
#........ #......#
#########......#.
#.....@O)........
#.....###......#.
#.....# #......#
##.....# ########
#....#.#
###....#.########
##.'....+.........
#####..#....#.#.......
#..>...+....'†.......>


You could see a two-headed ogre.

Vanquished Creatures
  Sigmund (D:2)
  2 scorpions (D:5)
  A jelly (D:5)
  A hound (D:5)
  An orc wizard (D:5)
  An adder (D:2)
  A ribbon worm (D:2)
  2 dart slugs
  2 orcs (D:5)
  5 ball pythons
  5 bats
  6 endoplasms
  2 giant cockroaches
  5 goblins
  3 hobgoblins (D:1)
  A kobold (D:2)
  A quokka (D:5)
  6 frilled lizards
  3 rats
49 creatures vanquished.

Notes
Turn   | Place    | Note
-------+----------+-------------------------------------------
     0 | D:1      | poml the Demonspawn Conjurer began the quest for the Orb.
     0 | D:1      | Reached XP level 1. HP: 13/13 MP: 3/3
   527 | D:1      | Gained mutation: You are partially covered in icy blue
                  | scales. (AC +2) [demonic ancestry]
   527 | D:1      | Reached XP level 2. HP: 19/19 MP: 0/5
   971 | D:2      | Found an ornate altar of the Wu Jian Council.
   975 | D:2      | Learned a level 2 spell: Searing Ray
  1191 | D:2      | Gained mutation: You are mostly covered in icy blue scales.
                  | (AC +3) [demonic ancestry]
  1191 | D:2      | Reached XP level 3. HP: 24/24 MP: 0/6
  1442 | D:2      | Found a faded altar of an unknown god.
  1590 | D:2      | Reached skill level 5 in Conjurations
  1724 | D:2      | Noticed Sigmund
  1737 | D:2      | Killed Sigmund
  1738 | D:2      | Reached skill level 1 in Short Blades
  1738 | D:2      | Reached XP level 4. HP: 22/30 MP: 2/8
  1738 | D:2      | Gained mutation: You have a small tail. [demonic ancestry]
  1738 | D:2      | Reached XP level 5. HP: 26/35 MP: 2/9
  2021 | D:3      | You fall into a shaft and drop 3 floors!
  2048 | D:5      | Entered Level 5 of the Dungeon
  2054 | D:5      | Gained mutation: You are faintly shadowed, very rarely
                  | releasing foul flame when damaged in melee. [demonic
                  | ancestry]
  2054 | D:5      | Reached XP level 6. HP: 41/41 MP: 4/10
  2056 | D:5      | Reached skill level 6 in Conjurations
  2244 | D:5      | Noticed a two-headed ogre
  2254 | D:5      | Mangled by a two-headed ogre

Illustrated notes

Levels and vault maps discovered:
D:1:      minmay_arrival_checkered_box, layout_loops_corners
D:2:      kennysheep_six_static_rooms, layout_basic,
          ebering_ecumenical_altar_box, basic_altar, minivault_25, uniq_sigmund
D:3:      layout_loops_corners, nicolae_uskayaw_suspiria, tso_oasis_becter,
          serial_shops, nicolae_shop_rolling_square, shop, nicolae_square_shop,
          nicolae_shop_hallway_plus
D:5:      layout_basic, nicolae_overflow_crystal_walls,
          mainiacjoe_overflow_six_doors_small
D:6:      layout_basic, nicolae_hepliaklqana_hazy_memory

Skill      XL: |  1  2  3  4  5  6 |
---------------+-------------------+-----
Stealth        | 2 |  2.6
Conjurations   | 5 6 |  6.2
Short Blades   | 1 2 |  2.6
Dodging        | 2 |  2.2
Spellcasting   | 3 |  3.3
Fighting       | |  0.1
Armour         | |  0.2

Action                     |  1- 3 |  4- 6 || total
---------------------------+-------+-------++-------
  Melee: Dagger            |    31 |     7 ||    38
         Tailslap          |       |     2 ||     2
   Cast: Magic Dart        |    18 |       ||    18
         Searing Ray       |    15 |     9 ||    24
   Stab: Sleeping          |     3 |       ||     3
 Armour: Robe              |    14 |     7 ||    21
         Ring mail         |       |     9 ||     9
  Dodge: Dodged            |    12 |    10 ||    22

Table legend: (Time is in decaauts)
 A = Elapsed time spent in this place.
 B = Non-inter-level travel time spent in this place.
 C = Inter-level travel time spent in this place.
 D = Time resting spent in this place.
 E = Time spent auto-exploring this place.
 F = Levels seen in this place.
 G = Mean time per level.
                   A        B        C        D        E       F      G
               +--------+--------+--------+--------+--------+-----+--------+
         Total |   2252 |   2196 |     56 |      0 |   1881 |   5 |  450.4 |
       Dungeon |   2252 |   2196 |     56 |      0 |   1881 |   5 |  450.4 |
               +--------+--------+--------+--------+--------+-----+--------+

Top non-repeatable levels by time:
     D:2: 1033 daAuts
     D:1: 970 daAuts
     D:5: 205 daAuts
     D:6: 26 daAuts
     D:3: 15 daAuts
